[Event "Doeberl Cup 2022"]
[Site "Canberra"]
[Date "2022.04.16"]
[Round "5.6"]
[White "Banerjee, Niki"]
[Black "Wallis, Christopher"]
[Result "0-1"]
[ECO "E46"]
[WhiteElo "2043"]
[BlackElo "2337"]
[Annotator "TA"]
[PlyCount "62"]
[EventDate "2022.04.14"]
[EventType "swiss"]
[EventCountry "AUS"]
[SourceTitle "playchess.com"]
[Source "ChessBase"]
[SourceQuality "1"]
[TimeControl "5400+30"]

1. d4 Nf6 2. c4 e6 3. Nc3 Bb4 4. e3 O-O 5. Nge2 Re8 6. a3 Bf8 7. Ng3 d5 8. Be2 {[%emt 0:01:01] E46: Nimzo-Indian: Rubinstein: 4 e3 0-0 5 Ne2 without early Bd3.} b6 9. O-O {[%emt 0:00:24] 9.0-0 is better than 9.cxd5.} c5 10. dxc5 {[%emt 0:01:17] The position is equal.} bxc5 11. cxd5 exd5 12. Bf3 Be6 {[%emt 0:00:00] [#]} 13. b3 $146 ({Predecessor:} 13. Nge2 Na6 14. Nf4 Nc7 15. Qa4 Bd6 16. Rd1 Bxf4 17. Qxf4 Rb8 18. b4 Qe7 19. bxc5 Qxc5 {1-0 (42) Carow,J (2429)-Suvorov,L (2130) Neustadt an der Weinstrasse 2018}) 13... Nc6 14. Bb2 Rc8 (14... Ne5 $15 15. Be2 Rb8) 15. Na4 {[%emt 0:00:00] [#]} (15. Nce2 $11) 15... d4 $1 $17 {[%emt 0:00:00] Black converts the advantage convincingly.} 16. Bxc6 Rxc6 17. Qd3 ({White should try} 17. exd4 $15 cxd4 18. Qd3) 17... Qd7 18. exd4 c4 {[%emt 0:00:00][%mdl 64] Deflection} 19. Qd2 (19. Qd1 $17 {might work better.}) 19... cxb3 $19 20. Nc3 Rec8 21. Rac1 h6 22. Rfd1 Nd5 {[%emt 0:00:00][%cal Of8a3] Threatens to win with ...Bxa3!} 23. Nge4 Nxc3 24. Rxc3 Rxc3 25. Bxc3 (25. Nxc3 Bf5 26. Re1) 25... Bd5 26. Nc5 Qg4 27. f3 Bxf3 {A strong pair of Bishops.} 28. Re1 Bd5 {...Bd6 is the strong threat.} 29. Re5 Rd8 30. Ba5 {[%emt 0:00:00] [#]} (30. Bb2 $142) 30... Rb8 (30... Bxg2 $142 $1 31. Bxd8 Bh3+ 32. Kf2 Qg2+ 33. Ke3 b2 34. Qxg2 Bxg2) 31. Bb4 {[%emt 0:00:00] [#]} ({Don't go for} 31. Rxd5 $2 b2 32. Re5 b1=Q+) (31. Bc3 $142 Bc6 32. h3) 31... Bxg2 $1 {[%emt 0:00:00][%mdl 512] Weighted Error Value: White=0.73/Black=0.29 (precise)} 0-1

[Event "Doeberl Cup 2022"]
[Site "Canberra"]
[Date "2022.04.16"]
[Round "5.7"]
[White "Puccini, Jack"]
[Black "Chan, Wei Xuan Timothy"]
[Result "1-0"]
[ECO "B33"]
[WhiteElo "2313"]
[BlackElo "2393"]
[Annotator "TA"]
[PlyCount "59"]
[EventDate "2022.04.14"]
[EventType "swiss"]
[EventCountry "AUS"]
[SourceTitle "playchess.com"]
[Source "ChessBase"]
[SourceQuality "1"]
[TimeControl "5400+30"]

1. e4 c5 2. Nf3 Nc6 3. d4 cxd4 4. Nxd4 Nf6 5. Nc3 e5 6. Ndb5 d6 7. Bg5 a6 8. Na3 b5 9. Bxf6 gxf6 10. Nd5 Bg7 11. Bd3 Ne7 12. Nxe7 Qxe7 13. O-O Bb7 {[%emt 0:00:30] [#] B33: Sicilian: Pelikan and Sveshnikov Variations.} (13... d5 $14) 14. Qh5 $146 ({Predecessor:} 14. c4 O-O 15. Qf3 bxc4 16. Nxc4 Kh8 17. Ne3 Rg8 18. Rad1 Bh6 19. Nf5 Qf8 20. Bc4 Rd8 21. Rd3 Rg5 22. Rfd1 Bc8 23. Nxd6 Rxd6 24. Rxd6 Bg4 25. Qxf6+ Kg8 26. Rd8 {1-0 (26) Corrales Jimenez,F (2532)-Nygren,K (2232) Chess.com INT 2020}) 14... f5 15. Qxf5 Qe6 {[%emt 0:00:30] White is better.} 16. Qh5 Qg6 17. Qe2 O-O 18. c4 {[%emt 0:00:30] Inhibits d5.} f5 19. f3 d5 20. cxd5 ({Don't do} 20. exd5 Kh8 21. Rad1 bxc4) 20... Bh6 (20... f4 {was necessary.} 21. Nb1 Qb6+ 22. Kh1 Bc8) 21. Nc2 $18 Kh8 22. exf5 Qf6 23. Be4 Rg8 24. Kh1 Bf4 25. g3 Rxg3 (25... Bg5 26. Nb4 Rad8) 26. hxg3 {[%emt 0:00:30] White is clearly winning.} Bxg3 27. Kg2 (27. d6 {gets mated.} Qh4+ 28. Kg1 Rg8 $1 29. Qg2 Bh2+ 30. Kh1 Bf4+ 31. Kg1 Rxg2+ 32. Kxg2 Qh2#) 27... Bf4 28. Rg1 Rg8+ {[%emt 0:00:30] [#]} 29. Kf1 $1 Rxg1+ 30. Kxg1 {[%emt 0:00:30] White took control after the opening.  Weighted Error Value: White=0.04 (flawless) /Black=0.34} 1-0

[Event "Doeberl Cup 2022"]
[Site "Canberra"]
[Date "2022.04.16"]
[Round "6.1"]
[White "Wallis, Christopher"]
[Black "Fernandez, Daniel Howard"]
[Result "1/2-1/2"]
[ECO "D11"]
[WhiteElo "2337"]
[BlackElo "2487"]
[Annotator "TA"]
[PlyCount "92"]
[EventDate "2022.04.14"]
[EventType "swiss"]
[EventCountry "AUS"]
[SourceTitle "playchess.com"]
[Source "ChessBase"]
[SourceQuality "1"]
[TimeControl "5400+30"]

1. d4 d5 2. c4 c6 3. Nf3 Nf6 4. e3 Bg4 5. h3 Bxf3 6. Qxf3 e6 7. Nc3 Nbd7 8. Bd2 {[%emt 0:01:37] D11: Slav Defence: 3 Nf3 sidelines and 3...Nf6 4 e3 Bg4.} Bb4 {[%emt 0:03:35] The main line 8...Bb4 scores better than 8...Bd6.} 9. a3 Bxc3 10. Bxc3 Ne4 11. Rc1 {[%emt 0:05:36] [#]} Qf6 $146 ({Predecessor:} 11... Nxc3 12. Rxc3 Nf6 13. Bd3 dxc4 14. Bxc4 Nd5 15. Rc2 Qa5+ 16. Ke2 Rd8 17. Rhc1 Qa4 {1-0 (72) Vega Gutierrez,S (2375)-Nikolova,A (2331) Mamaia 2016}) 12. Qxf6 gxf6 13. Bd3 h5 (13... Nxc3 $14 14. Rxc3 dxc4 15. Rxc4 Ke7) 14. O-O (14. cxd5 $16 exd5 15. Bxe4 dxe4 16. O-O) 14... Nxc3 $11 15. Rxc3 dxc4 $1 16. Bxc4 Nb6 17. Rfc1 h4 18. Be2 Kd7 19. Bf3 f5 20. Kf1 Rhg8 21. Ke2 a5 22. b3 Ra6 23. R1c2 Nc8 24. Rc5 (24. d5 $5 exd5 25. Bxd5 $11) 24... Nd6 25. Kd3 Rb6 26. Rb2 Rb5 27. Rxb5 (27. a4 {with more complications.} Rb4 28. Kc3 b6 29. Rxc6 Ne4+ 30. Bxe4 fxe4 31. Rc4) 27... Nxb5 {[%emt 0:00:17][%mdl 4096] Endgame KRB-KRN} 28. a4 Nd6 29. Rc2 Kc7 30. Rc5 Kb6 31. Re5 Re8 32. Kc3 (32. Rc5 $11 {deserves consideration.}) 32... f6 $1 $15 33. Rc5 Rg8 34. b4 $1 Ne4+ 35. Bxe4 axb4+ (35... fxe4 $15 36. Rxa5 (36. bxa5+ Ka6 $15) 36... Rxg2) 36. Kxb4 $11 {[%emt 0:00:00] The position is equal.} fxe4 {[%emt 0:00:03] KR-KR} 37. Rh5 Rxg2 38. Rxh4 f5 39. a5+ Ka6 40. Rh8 {[%emt 0:00:00][%cal Rh8a8] [#]} Ka7 {[%emt 0:00:03] Inhibits Ra8+.} 41. Rh6 Rxf2 {[%emt 0:00:31] Strongly threatening ...Rf3.} 42. Rxe6 Rb2+ 43. Kc4 Re2 44. Re5 Rxe3 {[%emt 0:00:16] [#] White must now prevent ...f4.} 45. Rxf5 Ka6 46. h4 Rh3 {[%emt 0:08:06] Weighted Error Value: White=0.10 (very precise) /Black=0.09 (flawless)} 1/2-1/2

[Event "Doeberl Cup 2022"]
[Site "Canberra"]
[Date "2022.04.16"]
[Round "6.2"]
[White "Melkumyan, Hrant"]
[Black "Lane, Gary W"]
[Result "1-0"]
[ECO "A85"]
[WhiteElo "2649"]
[BlackElo "2332"]
[Annotator "TA"]
[PlyCount "79"]
[EventDate "2022.04.14"]
[EventType "swiss"]
[EventCountry "AUS"]
[SourceTitle "playchess.com"]
[Source "ChessBase"]
[SourceQuality "1"]
[TimeControl "5400+30"]

1. c4 f5 2. d4 Nf6 3. Nf3 g6 4. Nc3 Bg7 5. Bf4 d6 6. e3 O-O 7. Be2 {[%emt 0:00:14] 7.Be2 has lost popularity.} Nc6 {[%emt 0:02:05] A85: Dutch Defence: 2 c4 Nf6 3 Nc3.} 8. Qb3 $5 {[%emt 0:02:34][%mdl 4] Exploring less charted territory.} Ne4 9. Rd1 Nxc3 {[%emt 0:08:33] The position is equal.} 10. bxc3 Qe8 11. c5+ Kh8 $1 12. cxd6 cxd6 13. d5 Ne5 {[%emt 0:00:30] [#]} (13... Na5 $5 14. Qb4 b6 $11) 14. Nd4 $146 {[%emt 0:00:30][%mdl 2048] White is pushing.} (14. Bxe5 $5 dxe5 15. O-O $11) ({Predecessor:} 14. Bxe5 dxe5 15. Ng5 Bf6 16. Bb5 Qd8 17. Ne6 Bxe6 18. dxe6 Qb6 19. Bd7 e4 20. Rc1 {½-½ (63) Martins,D (2372)-Galyas,M (2465) London 2015}) 14... a6 (14... Bd7 $11) 15. c4 $14 h6 16. h4 {[%emt 0:00:30][%cal Bh2h4,Bh4h5][%mdl 32] Against g5} Kh7 17. Rb1 (17. O-O $16) 17... Bf6 18. Kf1 Kg7 19. Qc2 Qf7 {[%emt 0:00:30] [#]} ({Black should play} 19... b5 $14) 20. a4 (20. Rb6 $142 $1) 20... Rb8 21. h5 {[%emt 0:00:30] 0x0.00018dd7ffe2dp-1022s more active pieces.} g5 22. Nxf5+ Bxf5 23. Qxf5 gxf4 24. exf4 Qe8 25. fxe5 Bxe5 26. Qc2 Bd4 27. Bf3 b5 (27... Rf4 $142 28. Rh3 Kh8) 28. Rh4 Bf6 29. Rg4+ Bg5 (29... Kh8 $142 30. cxb5 axb5) 30. cxb5 $18 axb5 31. Qb2+ Kg8 32. axb5 Qxh5 33. Kg1 Qe8 34. Qe2 Kh8 35. b6 Qc8 36. Be4 {[%emt 0:00:30][%cal Og4g5] [#] Hoping for Rxg5! White is clearly winning.} Rg8 37. Bd3 Qc5 38. Qe4 Rg7 {[%emt 0:00:30] Prevents Qh7+.} 39. b7 {[%emt 0:00:30] Black must now prevent Qe6.} Qa7 40. Qe6 {[%emt 0:00:30] Weighted Error Value: White=0.14 (very precise) /Black=0.40} (40. Qf3 $142 Qa5 41. Rc4) 1-0

[Event "Doeberl Cup 2022"]
[Site "Canberra"]
[Date "2022.04.16"]
[Round "6.3"]
[White "Cheng, Bobby"]
[Black "Stojic, Dusan"]
[Result "1-0"]
[ECO "E18"]
[WhiteElo "2550"]
[BlackElo "2240"]
[Annotator "TA"]
[PlyCount "71"]
[EventDate "2022.04.14"]
[EventType "swiss"]
[EventCountry "AUS"]
[SourceTitle "playchess.com"]
[Source "ChessBase"]
[SourceQuality "1"]
[TimeControl "5400+30"]

1. Nf3 Nf6 2. c4 e6 3. Nc3 Bb4 4. g3 b6 5. Bg2 Bb7 6. O-O O-O 7. Qc2 d5 8. cxd5 exd5 9. d4 Nbd7 10. a3 Be7 11. Bf4 {[%emt 0:04:00] E18: Queen's Indian: Old Main Line (4 g3 Bb7 5 Bg2 Be7 6 0-0 0-0 7 Nc3).} c5 12. Rfd1 Rc8 {[%emt 0:04:33] [#]} 13. dxc5 $146 {[%emt 0:09:21] The position is equal.} ({Predecessor:} 13. Rac1 Re8 14. Be5 Ne4 15. dxc5 Nxf2 16. Kxf2 Nxe5 17. Nxe5 Bxc5+ 18. Kf1 Rxe5 19. Qd3 Qf6+ {0-1 (20) Packroff,H-Woldmo,A corr 1988}) 13... bxc5 (13... Nxc5 $11 {keeps the balance.} 14. Bh3 Ne6) 14. Nh4 $16 Nb6 15. Nf5 Re8 (15... g6 $16) 16. a4 $18 {[%emt 0:05:40][%cal Ba3a4,Ba4a5][%mdl 32] Strongly threatening a5.} Bf8 {[%emt 0:06:54] [#]} 17. a5 $1 Na8 18. Ne3 {[%emt 0:08:46][%cal Rc3d5] &Bianco is much more active.} Nc7 19. Bxc7 Rxc7 20. Ncxd5 Nxd5 21. Bxd5 Qc8 22. b3 g6 23. Bxb7 Rxb7 24. Nd5 {[%emt 0:00:46] Prevents Rbe7. Black must now prevent Nf6+.} Re6 {[%emt 0:02:16] Prevents Nf6+.} 25. Rd3 h5 26. h4 Kh7 27. Ra4 Bg7 {[%emt 0:00:34] [#]} (27... Qc6 $16 28. Nf4 Re5) 28. Rc4 $1 Rb5 29. b4 Qe8 $2 (29... Qc6 30. Rd1 (30. Rxc5 Rxc5 31. Qxc5 Qxc5 $18) (30. bxc5 Rb2 $16) 30... Bf8) 30. Nc7 Qc6 31. Nxe6 Qxe6 32. Rxc5 Rxb4 {[%emt 0:00:28] [#]} 33. Rxh5+ $1 Kg8 (33... gxh5 34. Rd4+) 34. Rd8+ {[%emt 0:00:32] White mates.} Bf8 {[%emt 0:00:37] [#]} 35. Qc5 $1 Rb1+ (35... gxh5 36. Qxf8+) 36. Kh2 {[%emt 0:00:07] Weighted Error Value: White=0.03 (flawless) /Black=0.49} 1-0

[Event "Doeberl Cup 2022"]
[Site "Canberra"]
[Date "2022.04.16"]
[Round "6.4"]
[White "Clarke, Matthew"]
[Black "Kuybokarov, Temur"]
[Result "0-1"]
[ECO "E81"]
[WhiteElo "2109"]
[BlackElo "2576"]
[Annotator "TA"]
[PlyCount "38"]
[EventDate "2022.04.14"]
[EventType "swiss"]
[EventCountry "AUS"]
[SourceTitle "playchess.com"]
[Source "ChessBase"]
[SourceQuality "1"]
[TimeControl "5400+30"]

1. d4 Nf6 2. c4 g6 3. f3 c5 4. d5 Bg7 5. e4 d6 6. Nc3 e6 7. Be3 O-O 8. Qd2 Re8 {[%emt 0:05:02] E81: King's Indian: Sämisch: 6th move deviations (including 6 Be3 c6).} 9. O-O-O exd5 10. exd5 a6 {[%emt 0:08:13] Black is slightly better.} 11. Bd3 (11. Bh6 $11) 11... Nbd7 (11... b5 {seems wilder.} 12. Bh6 Nbd7 13. cxb5 Ne5) 12. Nge2 (12. Bh6 $17) 12... Ne5 $19 {[%emt 0:01:09] [#] Hoping for ...Bf5.} 13. Ng3 {[%emt 0:04:15] Prevents Bf5.} b5 {[%emt 0:00:46] [#]} (13... Nxd3+ $19 14. Qxd3 b5) 14. cxb5 $146 {[%emt 0:03:11][%mdl 8192] This costs White the game.} (14. Bf1 $17 {is more resistant.}) ({Predecessor:} 14. Nge4 bxc4 15. Bc2 Nxe4 16. Nxe4 Qb6 17. Nc3 Rb8 18. Bb1 Bf5 19. Bf4 Nd3+ 20. Bxd3 Bxd3 {1-0 (28) Stoyanov,S-Stanchev,P (1847) Sofia 2012}) 14... Nxd3+ {[%emt 0:01:56] Black is clearly winning.} 15. Qxd3 axb5 16. Nxb5 (16. Rhe1 $142 b4 17. Nce4) 16... Ba6 17. a4 Qa5 18. Qd2 Bxb5 19. axb5 Qxb5 {[%emt 0:00:19] Weighted Error Value: White=1.65/Black=0.32} 0-1

[Event "Doeberl Cup 2022"]
[Site "Canberra"]
[Date "2022.04.16"]
[Round "6.5"]
[White "Sardana, Rishi"]
[Black "Puccini, Jack"]
[Result "1-0"]
[ECO "E05"]
[WhiteElo "2461"]
[BlackElo "2313"]
[Annotator "TA"]
[PlyCount "51"]
[EventDate "2022.04.14"]
[EventType "swiss"]
[EventCountry "AUS"]
[SourceTitle "playchess.com"]
[Source "ChessBase"]
[SourceQuality "1"]
[TimeControl "5400+30"]

1. d4 d5 2. c4 e6 3. Nc3 Nf6 4. Nf3 Be7 5. g3 dxc4 6. Bg2 c5 {[%emt 0:01:23] E05: Open Catalan: 5 Nf3 Be7.} 7. Qa4+ Bd7 8. Qxc4 {[%emt 0:00:09] [#]} Bc6 $146 {[%emt 0:01:29] Strongly threatening ...cxd4. White is slightly better.} ({Predecessor:} 8... Nc6 9. dxc5 Qa5 10. Be3 Nd5 11. Bd2 Qxc5 12. Qxc5 Bxc5 13. Rc1 Nxc3 14. Bxc3 f6 15. Bxf6 Bxf2+ 16. Kxf2 gxf6 {1-0 (41) Izzat,K (2496)-Solomon,S (2328) Melbourne 2018}) 9. dxc5 Nbd7 10. Be3 O-O 11. O-O Nd5 {[%emt 0:06:27] [#]} (11... Rc8 $11) 12. Bd4 $1 $16 {[%emt 0:04:35] &Bianco is more active.} Qa5 13. Ne4 Rac8 14. a3 Bb5 15. Qc2 Qa6 16. Rfe1 $36 {[%emt 0:03:58][%mdl 2048] Hoping for b4. Black is under pressure.} f5 ({Black should play} 16... b6 $14) 17. a4 Bc4 {[%emt 0:00:04] [#] Black cannot hold the game after this.} (17... Nb4 $16 {might work better.} 18. Qb3 (18. axb5 Qxa1 19. Qc4 Qa2 $16) 18... Bc4 19. Qxb4 fxe4) 18. Ned2 $1 $18 Nxc5 19. Qxc4 ({Not} 19. Nxc4 Nb4 20. Qd1 Qxc4 $14) 19... Qxc4 20. Nxc4 Nb3 21. Ne3 ({Worse is} 21. Bxa7 Nxa1 22. Rxa1 (22. Nb6 Nxb6 23. Rxa1 Nd7 $15) 22... Rxc4 $15) 21... Nxe3 22. Bxe3 {[%emt 0:00:07] A strong pair of Bishops.} Nxa1 23. Rxa1 Rc2 24. Nd4 {[%emt 0:01:21] White is clearly winning.} Rxb2 25. Nxe6 Rc8 26. Bd5 {[%emt 0:00:56] Weighted Error Value: White=0.04 (flawless) /Black=0.31} 1-0

[Event "Doeberl Cup 2022"]
[Site "Canberra"]
[Date "2022.04.16"]
[Round "6.6"]
[White "Winkelman, Albert"]
[Black "Bjelobrk, Igor"]
[Result "1/2-1/2"]
[ECO "B45"]
[WhiteElo "2257"]
[BlackElo "2403"]
[Annotator "TA"]
[PlyCount "77"]
[EventDate "2022.04.14"]
[EventType "swiss"]
[EventCountry "AUS"]
[SourceTitle "playchess.com"]
[Source "ChessBase"]
[SourceQuality "1"]
[TimeControl "5400+30"]

1. e4 c5 2. Nf3 e6 3. d4 cxd4 4. Nxd4 Nf6 5. Nc3 Nc6 6. Ndb5 Bc5 7. Bf4 O-O {[%emt 0:00:12] B45: Sicilian Four Knights.} 8. Bc7 Qe7 9. Bd6 $1 Bxd6 {[%emt 0:00:05] White has an edge.} 10. Qxd6 Qd8 11. Qc7 (11. Nc7 $14 Rb8 12. Be2) 11... d5 $11 {[%emt 0:00:52] [#]} 12. e5 $146 (12. Qxd8 $11 Rxd8 13. exd5 exd5 14. Ne2) ({Predecessor:} 12. exd5) 12... Ng4 {[%emt 0:03:02] ...Qg5 is the strong threat.} 13. Qxd8 Rxd8 14. f4 a6 $1 (14... Ne3 $6 15. Kd2 $11) 15. Nd6 {[%emt 0:00:27] [#]} f6 $1 16. Nxc8 (16. Na4 $17) 16... Raxc8 $19 ({Stronger than} 16... Rdxc8 17. exf6 Nb4 18. Bd3 $17) 17. exf6 Nb4 {[%emt 0:06:10] Pair of Knights!} (17... Nxf6 18. O-O-O $15) 18. Be2 {[%emt 0:00:00] [#]} Nxf6 ({And not} 18... Nxc2+ 19. Kd2 Nge3 20. Rac1 $17) (18... Ne3 $1 $17 19. Kf2 d4) 19. O-O-O $15 d4 (19... Ne4 $5 20. Bg4 Nxc3 21. bxc3 Rxc3 $15) 20. a3 dxc3 (20... Nc6 $11 {deserves consideration.} 21. Na4 Ne7) 21. axb4 $14 Nd5 22. Rd4 Ne3 {[%emt 0:00:30] Inhibits Bg4.} (22... cxb2+ $14 23. Kxb2 Ne3 24. Rxd8+ Rxd8) 23. Rxd8+ $16 Rxd8 {[%emt 0:12:49][%mdl 4096] Endgame KRB-KRN} 24. g3 (24. bxc3 $16 {aiming for Bf3.} Nxg2 25. Bf3 Nxf4 26. Bxb7) 24... Nxc2 25. bxc3 Ne3 26. Re1 Nd5 27. Bc4 Rc8 28. Bxd5 exd5 $14 {[%emt 0:00:30] KR-KR. The position is equal.} 29. Kd2 d4 $1 30. cxd4 Rc4 31. Re7 Rxb4 32. Kc3 a5 33. d5 {[%emt 0:00:00] Strongly threatening d6.} Kf8 34. Re1 Kf7 35. f5 b5 36. d6 Rc4+ 37. Kd3 {[%emt 0:00:30] And now d7 would win.} Rc6 38. Re6 {[%emt 0:00:00] Black must now prevent d7.} Rc8 39. Re7+ {[%emt 0:01:00] Weighted Error Value: White=0.20 (precise) /Black=0.18 (very precise)} 1/2-1/2

[Event "Doeberl Cup 2022"]
[Site "Canberra"]
[Date "2022.04.16"]
[Round "6.7"]
[White "Rodgers, Jack"]
[Black "Ikeda, Junta"]
[Result "0-1"]
[ECO "D00"]
[WhiteElo "2083"]
[BlackElo "2457"]
[Annotator "TA"]
[PlyCount "138"]
[EventDate "2022.04.14"]
[EventType "swiss"]
[EventCountry "AUS"]
[SourceTitle "playchess.com"]
[Source "ChessBase"]
[SourceQuality "1"]
[TimeControl "5400+30"]

1. d4 Nf6 2. Bg5 d5 3. Bxf6 gxf6 4. e3 c5 5. dxc5 Nc6 6. Nf3 {[%emt 0:00:30] D00: 1 d4 d5: Unusual lines.} (6. Bb5 $11) 6... e6 ({Better is} 6... e5 $1 $15) 7. c4 $14 dxc4 8. Qxd8+ {[%emt 0:00:30] White has an edge.} Kxd8 9. Bxc4 Bxc5 10. Nc3 Ke7 11. a3 a6 12. Ke2 Ne5 13. Nxe5 fxe5 {[%emt 0:00:30] [#]} 14. b4 $146 ({Predecessor:} 14. g4 Bd7 15. Bd3 h6 16. Be4 f5 17. gxf5 exf5 18. Bd5 e4 19. Rhg1 Be8 20. Rg7+ {0-1 (33) Timerkhanov,A (2324)-Ivanisevic,I (2623) St Petersburg 2014}) 14... Ba7 15. Rac1 Bd7 16. Rhd1 f5 17. g3 h5 18. h4 Rac8 19. Bb3 Rhg8 20. Ke1 f4 21. exf4 exf4 22. Ne4 fxg3 23. Nxg3 (23. fxg3 $142 Rxc1 24. Rxc1) 23... Rxc1 24. Rxc1 Rf8 25. Rc2 (25. Ne4 $17) 25... Rf3 $19 26. Bc4 {[%emt 0:00:30] [#]} Bxf2+ $1 27. Rxf2 Rxg3 {[%emt 0:00:30][%mdl 4096] Endgame KRB-KRB} 28. Be2 Be8 (28... Rxa3 $19 {And now ...Rh3 would win.} 29. Bxh5 Rb3) 29. Rf3 $1 $15 Rg1+ 30. Kf2 Rh1 31. Kg3 {[%emt 0:00:30] Inhibits Rh2.} Bg6 ({Black should play} 31... Rc1 $17) 32. Rc3 (32. Rf1 $1 $11 {remains equal.} Rxf1 33. Bxf1) 32... Kd6 (32... Ra1 $17) 33. Bf3 $11 Rg1+ 34. Kf2 Rb1 35. Ke3 b5 36. Rc6+ Ke5 37. Rc5+ Kf6 {[%emt 0:00:30] ...Rb3+ is the strong threat.} 38. Rc3 {[%emt 0:00:30] Against Rb3} Rb2 39. Kf4 Rh2 40. Kg3 Rd2 41. Bb7 Rd6 42. Bf3 Ke5 {[%emt 0:00:30] With the idea ...Kd4.} 43. Rc5+ Kd4 {[%emt 0:00:30] Threatens to win with ...e5.} ({Reject} 43... Kf6 $6 44. Rc3 $17) 44. Rc6 $2 {[%emt 0:00:30][%mdl 8192] White is now going downhill.} (44. Bxh5 $11 Bxh5 45. Rxh5) 44... Rxc6 $19 45. Bxc6 {[%emt 0:00:30] KB-KB} Kc4 {[%emt 0:00:30] ( -> ...Kb3)} 46. Bb7 Kb3 {[%emt 0:00:30] Black mates.} 47. Bxa6 Be8 48. Kf4 Kxa3 49. Ke5 Kxb4 50. Kxe6 Kc5 51. Ke5 Bg6 52. Bc8 Kc4 53. Kf6 Be4 54. Kg5 Bf3 55. Bf5 b4 56. Kf4 Bd1 57. Kg5 b3 58. Be6+ Kc3 59. Bf7 b2 60. Ba2 Kc2 61. Kf4 Kc1 62. Kg5 {[%emt 0:00:30] [#]} Bb3 $1 63. Bxb3 b1=Q 64. Bf7 Qh7 65. Bxh5 Qe7+ 66. Kg4 Qf6 67. Kg3 Qe5+ 68. Kg4 Kd2 69. Bg6 Ke3 {[%emt 0:00:30] Weighted Error Value: White=0.35/Black=0.12 (very precise)} 0-1

[Event "Doeberl Cup 2022"]
[Site "Canberra"]
[Date "2022.04.17"]
[Round "7.1"]
[White "Cheng, Bobby"]
[Black "Melkumyan, Hrant"]
[Result "1/2-1/2"]
[ECO "E04"]
[WhiteElo "2550"]
[BlackElo "2649"]
[Annotator "TA"]
[PlyCount "34"]
[EventDate "2022.04.14"]
[EventType "swiss"]
[EventCountry "AUS"]
[SourceTitle "playchess.com"]
[Source "ChessBase"]
[SourceQuality "1"]
[TimeControl "5400+30"]

1. d4 Nf6 2. c4 e6 3. Nf3 d5 4. g3 dxc4 5. Bg2 c5 6. O-O Nc6 7. Qa4 Bd7 8. dxc5 Bxc5 9. Qxc4 Be7 {[%emt 0:00:23] E04: Open Catalan: 5 Nf3.} 10. e4 O-O 11. Nc3 Qa5 12. Rd1 Rfd8 13. Qe2 {[%emt 0:01:02] [#]} Be8 $146 ({Predecessor:} 13... Ng4 14. h3 Nge5 15. Nxe5 Nxe5 16. f4 Bc5+ 17. Kh2 Nc6 18. Be3 f6 19. Bxc5 Qxc5 {½-½ (67) Gelfand,B (2703)-Adams,M (2712) Batumi 2018}) 14. Bd2 Qb6 15. Be3 Qa5 16. Bd2 Qb6 17. Be3 Qa5 {[%emt 0:00:58] A rather calm draw.  Weighted Error Value: White=0.08 (flawless) /Black=0.05 (flawless)} 1/2-1/2